[Event "*** SCC Grand Prix: Titled Tuesday Blitz"]
[Site "Chess.com"]
[Date "2020.07.14"]
[Round "1"]
[White "Maaikee"]
[Black "Airquake"]
[Result "1/2-1/2"]
[WhiteElo "2312"]
[BlackElo "2603"]
[TimeControl "180+1"]
[EndTime "10:08:27 PDT"]
[Termination "Game drawn - insufficient material"]

1. e4 c5 2. Nf3 d6 3. d4 cxd4 4.
Nxd4 Nf6 5. Nc3 a6 6. h3 g6 7. g4 Bg7 8. Bg2 O-O 9. O-O Nfd7 10. Be3 Nc6 11. Nce2 Qc7 12. c3 Nce5 13. b3 Rb8 14. f4 Nc6 15. f5 Nce5 16. Nf4 Qd8 17. Nd5 Nf6 18. Nxf6+ Bxf6 19. g5 Bg7 20. Qe2 b5 21. Rad1 Bb7 22. Qf2 Rc8 23. f6 exf6 24. gxf6 Bh8 25.
Nf5 gxf5 26. Qg3+ Ng6 27. Rxd6 Qe8 28. exf5 Bxg2 29. fxg6 fxg6 30. Kxg2 Rxc3 31. Qg5 Qf7 32. Bd4 Rc2+ 33. Kg1 Re8 34. Qd5 Qxd5 35. Rxd5 Rc7 36.
Be5 Rf7 37. Bd4 h6 38. Rd6 Ra8 39. Re1 g5 40. Rde6 Kh7 41. Re7 Kg6 42. Rxf7 Kxf7 43. Re7+ Kg6 44. Rd7 Bxf6 45. Rd6 Rf8 46. Rxa6 Kf5 47. Rxf6+ Rxf6 48. Bxf6 Kxf6 49. Kf2 Ke5 50.
Ke3 h5 51. a4 bxa4 52. bxa4 Kd5 53. a5 Kc6 54. Ke4 Kb5 55. Kf5 g4 56. hxg4 h4 57.
g5 h3 58. g6 h2 59. g7 h1=Q 60. g8=Q Qf3+ 61. Kg6 Qg4+ 62. Kf7 Qc4+ 63. Kf8 Qc8+ 64. Kf7 Qf5+ 65. Kg7 Qg5+ 66. Kf7 Qxg8+ 67. Kxg8 Kxa5 1/2-1/2

[Event "*** SCC Grand Prix: Titled Tuesday Blitz"]
[Site "Chess.com"]
[Date "2020.07.14"]
[Round "1"]
[White "Jabberwockiez"]
[Black "Vesper2018"]
[Result "1/2-1/2"]
[WhiteElo "2285"]
[BlackElo "2580"]
[TimeControl "180+1"]
[EndTime "10:08:27 PDT"]
[Termination "Game drawn by agreement"]

1. e4 c5 2. Nc3 d6 3. Nf3 Nf6 4. d4 cxd4 5. Nxd4 a6 6. Be3 e5 7.
Nf3 Qc7 8. a4 Be7 9. a5 Be6 10.
Be2 Nbd7 11. Nd5 Bxd5 12. exd5 O-O 13. c4 Ne4 14. O-O f5 15. Nd2 Nxd2 16. Bxd2 Bf6 17. b4 e4 18. Rc1 Be5 19. Qb3 Kh8 20. Rc2 f4 21. Bg4 Bd4 22. Qh3 Nf6 23. Bxf4 Nxd5 24.
cxd5 Qxc2 25. Bf5 g6 26. Bxg6 Qc7 27. Bxd6 Rxf2 28. Bxc7 Rf3+ 29. Rf2 Rxh3 30. Be5+ Bxe5 31. gxh3 Bd4 32. Bxe4 Rf8 33. d6 Bxf2+ 34. Kg2 Be1 35. Bxb7 Bxb4 36. d7 Bxa5 37. Bxa6 Rf6 38. Bc8 Kg7 39.
Kg3 Kf8 40. h4 Ke7 41. Kg4 Bc7 42. Kg5 Rf2 43. h5 Rxh2 44. Kh6 Rh1 45. Kxh7 Rxh5+ 46. Kg6 Rh1 47. Kg5 Rg1+ 48. Kf5 Rf1+ 49. Kg6 Bd8 50. Kg5 Ke6+ 51. Kg4 Ke5 52. Kg3 Ke4 53. Kg2 Rf6 54. Kg3 Bc7+ 55. Kg4 Rg6+ 56. Kh5 Rg2 57.
Bb7+ Ke5 58. Bxg2 Ke6 59. Bh3+ Ke7 60. Kg6 Bb6 61. Kf5 Bc7 62. Ke4 Bd8 63. Kd5 Bc7 64.
Kc6 Bd8 65. Kb7 1/2-1/2

[Event "*** SCC Grand Prix: Titled Tuesday Blitz"]
[Site "Chess.com"]
[Date "2020.07.14"]
[Round "1"]
[White "Yana_pro"]
[Black "UCantHandleDenker"]
[Result "1-0"]
[WhiteElo "2228"]
[BlackElo "2530"]
[TimeControl "180+1"]
[EndTime "10:08:28 PDT"]
[Termination "Yana_pro won by resignation"]

1. e4 c5 2. b4 cxb4 3. a3 bxa3 4. Nxa3 d6 5. Bb2 Nd7 6. Bc4 Ngf6 7. d3 g6 8. g4 Bg7 9. g5 Nh5 10. d4 O-O 11. Ne2 Nb6 12. Bb3 Bg4 13. Qd2 Bf3 14.
Rg1 Bxe4 15. Ng3 Nxg3 16. hxg3 Rc8 17. Qe2 Bf5 18. Rh1 d5 19. g4 Be6 20. f4 Qd7 21. Qh2 Rfd8 22. Qxh7+ Kf8 23. Rd1 Bxg4 24. Rd2 Qf5 25.
Rdh2 Qe4+ 26. Kd2 Bh5 27. Rxh5 gxh5 28. Qxe4 dxe4 29. Rxh5 Bxd4 30. Bxd4 Rxd4+ 31. Ke3 Rd6 32. Nb5 Rc3+ 33. Nxc3 Kg7 34. Nxe4 Rc6 35. f5 f6 36.
g6 Nc4+ 37. Bxc4 Rxc4 38. Rh7+ Kg8 39. Rxe7 Rc6 40. c3 a5 41. Rxb7 Ra6 42. c4 a4 43.
Rb2 a3 44. Ra2 Kg7 45. c5 Kh6 46. c6 Rxc6 47. Rxa3 Rc1 48. Nxf6 Re1+ 49. Kf2 Re5 50. Ng4+ Kg5 51. Nxe5 Kxf5 52. Rf3+ Ke4 53. g7 Kd4 54. g8=Q Ke4 55. Qd5+ Kxd5 56. Nd3 Ke4 57. Ke2 Kd4 58. Re3 Kc3 59. Nf2+ Kd4 60. Nh1 Kc4 61. Kf3 Kd4 62. Kf4 Kd5 63. Kf5 Kd4 64. Kf4 Kd5 65. Re4 Kc5 66. Kf5 Kd5 67. Ng3 Kd6 68. Re5 Kc6 69.
Ke4 Kd6 70. Kd4 Kc6 71. Rh5 Kd6 72. Rh6+ Ke7 73. Kd5 Kf7 74. Ra6 Ke7 75. Rb6 Kf7 76. Ke5 Kg7 77. Kf5 Kf7 78. Rb7+ Ke8 79. Ke6 Kd8 80.
Rh7 Kc8 81. Kd6 1-0

[Event "*** SCC Grand Prix: Titled Tuesday Blitz"]
[Site "Chess.com"]
[Date "2020.07.14"]
[Round "1"]
[White "Bastiandash"]
[Black "AndrewMaco"]
[Result "1-0"]
[WhiteElo "2327"]
[BlackElo "2608"]
[TimeControl "180+1"]
[EndTime "10:08:29 PDT"]
[Termination "Bastiandash won by checkmate"]

1. Nf3 Nf6 2. d4 d5 3. c3 e6 4. Bg5 h6 5. Bh4 Be7 6. e3 Nbd7 7. Bd3 b6 8. Nbd2 Bb7 9. Qe2 c5 10. O-O O-O 11. Ne5 Nxe5 12. dxe5 Nd7 13. Bxe7 Qxe7 14. f4 f6 15. exf6 Nxf6 16. e4 c4 17. Bc2 Qc5+ 18.
Kh1 d4 19. cxd4 Qxd4 20. Nxc4 Rac8 21. b3 Rfd8 22. Rad1 Qc5 23. e5 Ne8 24. Be4 Bxe4 25. Qxe4 b5 26. Ne3 Nc7 27. f5 Rxd1 28. Rxd1 exf5 29.
Nxf5 Re8 30. Re1 Ne6 31. Nd6 Rf8 32. h3 a6 33. Kh2 Kh8 34. Re2 Rf1 35. Qe3 Qd5 36. Qe4 Qd1 37. Qe3 Rh1+ 38. Kg3 Qb1 39. Nf7+ Kg8 40. Nd6 Qg6+ 41. Kf2 Rh2 42. Qf3 Rh1 43.
Re3 Ra1 44. Re2 Kh7 45. Qe4 Qxe4 46. Nxe4 Kg6 47. g3 Kf5 48. Nd6+ Kg6 49. Nc8 a5 50. Ne7+ Kf7 51. Nd5 a4 52. bxa4 bxa4 53. Nc3 a3 54.
Nb5 Nd4 55. Nxd4 Ke7 56. e6 Rc1 57. Nf5+ Kf6 58. e7 Rc8 59. Nd6 Ra8 60. e8=Q Rxe8 61. Nxe8+ Kf7 62. Nc7 Kf6 63. Nb5 g5 64. Nxa3 g4 65.
hxg4 Kg5 66. Nc4 Kxg4 67. Re4+ Kh3 68. Kf3 h5 69. Rh4# 1-0

[Event "*** SCC Grand Prix: Titled Tuesday Blitz"]
[Site "Chess.com"]
[Date "2020.07.14"]
[Round "1"]
[White "swayamsm"]
[Black "GMCarbone"]
[Result "1-0"]
[WhiteElo "2619"]
[BlackElo "2306"]
[TimeControl "180+1"]
[EndTime "10:08:29 PDT"]
[Termination "swayamsm won on time"]

1. d4 Nf6 2. Nf3 e6 3. Bf4 d6 4. e3 Nbd7 5. Nbd2 b6 6. h3 Bb7 7. Be2 g6 8. a4 a5 9. c3 Qe7 10. Bh2 Bg7 11. O-O Ne4 12. Nxe4 Bxe4 13. Nd2 Bb7 14. Bf3 Bxf3 15. Qxf3 O-O 16. Qc6 Nf6 17. e4 Qd7 18. Qb5 Rfe8 19. e5 dxe5 20.
Bxe5 Rad8 21. Qxd7 Rxd7 22. Rfe1 Red8 23. Nc4 Nd5 24.
Bxg7 Kxg7 25. Ne5 Rd6 26. g3 Nf6 27. Kg2 Nd7 28. f4 Nxe5 29. Rxe5 Rd5 30. Rae1 Kf6 31.
Kf3 h5 32. Rxd5 Rxd5 33. Re5 Rxe5 34. fxe5+ Kf5 35. g4+ hxg4+ 36. hxg4+ Kg5 37. Kg3 c6 38. c4 f5 39. exf6 Kxf6 40. Kf4 c5 41. d5 exd5 42. cxd5 g5+ 43. Ke4 Ke7 44. Kf5 c4 45.
Kxg5 b5 46. axb5 a4 47. b6 Kd6 48. b7 Kc7 49. Kf6 c3 50. bxc3 a3 51. d6+ Kxb7 52.
d7 a2 53. d8=Q a1=Q 54. Qd5+ Kc7 55. Qe5+ Kb7 56. g5 Qf1+ 57. Ke7 1-0

[Event "*** SCC Grand Prix: Titled Tuesday Blitz"]
[Site "Chess.com"]
[Date "2020.07.14"]
[Round "1"]
[White "AldokhinIvan"]
[Black "Olga_Zhuravleva"]
[Result "0-1"]
[WhiteElo "2581"]
[BlackElo "2308"]
[TimeControl "180+1"]
[EndTime "10:08:29 PDT"]
[Termination "Olga_Zhuravleva won by checkmate"]

1. e4 e5 2. Nf3 Nc6 3. Bb5 f5 4. d3 Nf6 5. O-O Bc5 6. exf5 O-O 7. c3 Bb6 8. d4 e4 9. Ne5 a6 10. Ba4 Qe8 11. Nc4 Ba7 12. Bf4 b5 13. d5 Nb8 14.
Bxb5 axb5 15. Nca3 d6 16. Qe2 Ba6 17. Rd1 h6 18.
Nd2 Nxd5 19. Bg3 Nf6 20. Nb3 b4 21. Nc4 d5 22. Nba5 dxc4 23. Nxc4 bxc3 24. b3 Qc6 25. Rac1 Bxc4 26. bxc4 Bb6 27. Rxc3 Nbd7 28. c5 Nxc5 29. Rdc1 Rfd8 30. Qc4+ Kh8 31. Qf7 Rd7 32. Qg6 Rad8 33.
h3 Rd1+ 34. Kh2 Rxc1 35. Rxc1 Qe8 36. a3 Qxg6 37. fxg6 Ra8 38. Rc3 Nd5 39. Rc4 Rxa3 40. Rd4 c6 41. Rc4 Kg8 42. Rc1 Ra2 43. Bd6 Ra5 44. Rb1 Ra8 45. Rc1 Bc7 46. Bxc7 Nxc7 47. Rxc5 Ra6 48. Rc4 Kf8 49. Rxe4 Nd5 50. Re5 Ne7 51.
Re6 Ke8 52. Rd6 Nf5 53. Re6+ Kd7 54. Re5 Ne7 55. Re3 Nxg6 56. Rg3 c5 57. Rc3 Rc6 58. Kg3 Kd6 59. f4 Ne7 60. Kf3 Nd5 61. Rc4 Rb6 62. f5 Rb4 63. Rc1 Rb3+ 64. Kg4 Nf6+ 65. Kf4 Rb4+ 66.
Ke3 Kd5 67. g4 Rb3+ 68. Kf4 Kd4 69. h4 Nd5# 0-1

[Event "*** SCC Grand Prix: Titled Tuesday Blitz"]
[Site "Chess.com"]
[Date "2020.07.14"]
[Round "1"]
[White "VladaSviridova"]
[Black "benko_008"]
[Result "0-1"]
[WhiteElo "2103"]
[BlackElo "2489"]
[TimeControl "180+1"]
[EndTime "10:08:29 PDT"]
[Termination "benko_008 won by resignation"]

1. d4 d5 2. c4 e6 3. Nf3 Nf6 4. Nc3 Nbd7 5. Bf4 dxc4 6. e3 b5 7. Nxb5 Bb4+ 8. Nc3 Nd5 9. Rc1 Nxf4 10. exf4 Nb6 11.
Bxc4 O-O 12. Bb3 Bb7 13. O-O Bxf3 14. Qxf3 Qxd4 15. Rfd1 Qc5 16. Nd5 Qa5 17. Nxb4 Qxb4 18. Rxc7 g6 19. g3 a5 20. a3 Qb5 21. Rb7 Rab8 22. Rxb8 Rxb8 23. Qd3 Qe8 24. h4 a4 25.
Bc2 Nd5 26. Qd4 Qb5 27. Bxa4 Qxb2 28. Qxb2 Rxb2 29. Bc6 Nc3 30. Rd8+ Kg7 31. a4 Ra2 32. Ra8 Nd1 33. Bf3 Nxf2 34. Kf1 Nd3 35. Be4 Nc5 36.
Bc6 Nb3 37. a5 Rxa5 38. Rxa5 Nxa5 39. Be4 Nc4 40. Kf2 h5 41. Bd3 Nd6 42. Ke3 Nf5+ 43.
Kf3 Kf6 44. Bb1 Nh6 45. Be4 Ng4 46. Bb1 Ke7 47. Be4 Nf6 48. Ba8 Kd6 49. Bb7 Nd5 50. Ba6 Kc5 51. Bd3 Kd4 52. Bb1 Nc3 53. Bc2 Kc4 54.
Bb3+ Kxb3 55. Ke3 Kc4 56. Kf3 Kd4 57. g4 hxg4+ 58. Kxg4 f6 59. h5 gxh5+ 60. Kxh5 Ke4 61. Kg6 f5 62. Kf6 Nd5+ 63. Kxe6 Nxf4+ 64. Kf6 Nd3 65. Kg5 f4 66. Kg4 f3 67. Kg3 Ke3 68. Kh2 f2 69. Kg2 Ke2 70. Kh2 f1=Q 0-1

[Event "*** SCC Grand Prix: Titled Tuesday Blitz"]
[Site "Chess.com"]
[Date "2020.07.14"]
[Round "1"]
[White "catalin009"]
[Black "Azatic"]
[Result "1/2-1/2"]
[WhiteElo "2318"]
[BlackElo "2613"]
[TimeControl "180+1"]
[EndTime "10:08:31 PDT"]
[Termination "Game drawn by repetition"]

1. e4 c5 2. Nf3 e6 3. d4 cxd4 4. Nxd4 a6 5. c4 Qc7 6. Nc3 Nf6 7. Be3 Be7 8. Be2 O-O 9. O-O d6 10. Qd2 b6 11. Rfc1 Bb7 12. f3 Nbd7 13. a4 Rfb8 14. a5 bxa5 15. Nb3 Bc8 16. Nxa5 Ne5 17. Bf1 Bd7 18. Ne2 Nc6 19. Nxc6 Bxc6 20. Kh1 h5 21. Bf4 Qd7 22. Rd1 e5 23. Bg5 h4 24. Nc3 h3 25.
gxh3 Rd8 26. h4 Nh5 27. Ne2 Qe6 28. Ng3 Nxg3+ 29. hxg3 Rab8 30. Bxe7 Qxe7 31. Ra3 Rb6 32. Rd3 Rdb8 33. Rxd6 Rxb2 34. Qg5 Qxg5 35. hxg5 Ba4 36. Ra1 Rb1 37. Rxa4 Rxf1+ 38. Kg2 Rbb1 39. Raxa6 Rh1 40. g6 fxg6 41. Rxg6 Rbg1+ 42. Kf2 Rf1+ 43. Ke2 Rd1 44. Ra7 Rde1+ 45. Kd2 Rd1+ 46. Kc3 Rb1 47. Rgxg7+ Kh8 48. Rge7 Rhc1+ 49. Kd2 Rd1+ 50. Ke2 Re1+ 51. Kf2 Rf1+ 52. Kg2 Rg1+ 53. Kh3 Rh1+ 54. Kg4 Rb8 55. Rad7 Rh6 56. f4 Rg8+ 57. Kf3 Rh3 58. fxe5 Rgxg3+ 59. Kf4 Rf3+ 60. Kg4 Rhg3+ 61. Kh4 Rh3+ 62. Kg5 Rhg3+ 63. Kh5 Rh3+ 64. Kg4 Rhg3+ 65. Kh5 Rh3+ 66. Kg6 Rhg3+ 67. Kh5 1/2-1/2

[Event "*** SCC Grand Prix: Titled Tuesday Blitz"]
[Site "Chess.com"]
[Date "2020.07.14"]
[Round "1"]
[White "amatatanav"]
[Black "earling8018"]
[Result "1-0"]
[WhiteElo "2475"]
[BlackElo "2056"]
[TimeControl "180+1"]
[EndTime "10:08:32 PDT"]
[Termination "amatatanav won on time"]

1. e4 e5 2. Bc4 Nf6 3. d3 Nc6 4. Nc3 d6 5. f4 Be7 6. Nf3 O-O 7. a3 exf4 8. Bxf4 Be6 9. Bxe6 fxe6 10. Qd2 d5 11.
exd5 Nxd5 12. Nxd5 exd5 13. O-O-O Bf6 14. Rhe1 Nd4 15.
Nxd4 Bxd4 16. Be5 Bxe5 17. Rxe5 Qd7 18. Rde1 Rae8 19. Qe3 Rxe5 20. Qxe5 Rf5 21. Qe3 d4 22. Qe4 c5 23. g4 Rf2 24. h3 h6 25. Kb1 Qa4 26.
Qd5+ Kh7 27. Qxc5 b6 28. Qc7 Qa5 29. Re7 Qg5 30. Qe5 Rf1+ 31. Ka2 Rf3 32. Qxg5 hxg5 33. Re5 Rxh3 34. Rxg5 Rg3 35. Kb3 Kh6 36. Rh5+ Kg6 37. Rh4 Kg5 38. Rh7 Kg6 39. Rh8 Rxg4 40. Ra8 a5 41. Ra6 Kf5 42. Rxb6 g5 43. Kc4 Rf4 44. c3 g4 45. cxd4 g3 46. Rb8 Rg4 47. Rf8+ Ke6 48.
Rf1 g2 49. Rg1 Kf5 50. b4 Kf4 51. bxa5 Kf3 52. a6 Kf2 53. Rxg2+ Kxg2 54. Kc5 Kf3 55. a7 Rg8 56. d5 Kf4 57. d6 Kf5 58. Kc6 Ke6 59.
Kb7 Kxd6 60. a8=Q 1-0

[Event "*** SCC Grand Prix: Titled Tuesday Blitz"]
[Site "Chess.com"]
[Date "2020.07.14"]
[Round "1"]
[White "Susal_De_Silva"]
[Black "Bazarov04"]
[Result "0-1"]
[WhiteElo "2292"]
[BlackElo "2597"]
[TimeControl "180+1"]
[EndTime "10:08:33 PDT"]
[Termination "Bazarov04 won by resignation"]

1. e4 e6 2. d4 d5 3. Nc3 Nf6 4. e5 Nfd7 5. f4 c5 6. Nf3 Nc6 7. Be3 Qb6 8. Na4 Qa5+ 9. c3 b6 10. a3 c4 11. b4 cxb3 12. Qxb3 Ba6 13. Bxa6 Qxa6 14. Nb2 Rc8 15. Rc1 Qxa3 16. Qxa3 Bxa3 17. Rb1 Na5 18. Na4 O-O 19. O-O Rc7 20. Ra1 Be7 21.
Rfb1 Rfc8 22. g4 h6 23. f5 Nf8 24. Nd2 f6 25. exf6 Bxf6 26. Nc5 exf5 27. gxf5 Re7 28. Bf2 Re2 29. Ncb3 Rxc3 30. Kf1 Nxb3 31. Nxb3 Rcc2 32.
Bg3 a5 33. Nc1 Red2 34. Nb3 Rd3 35. Ra4 Rcc3 36. Na1 Bxd4 37. Re1 Bc5 38. f6 gxf6 39.
Bh4 Kf7 40. Rf4 Rf3+ 41. Rxf3 Rxf3+ 42. Kg2 Rc3 43. Bg3 Nd7 44. Bf4 a4 45. Bxh6 a3 46. Bd2 Rd3 47. Re2 b5 48. h4 Ne5 49.
h5 b4 50. h6 Kg6 51. Kf1 b3 52. Rg2+ Kf7 53. h7 Rh3 54. Nxb3 Be7 55. Nd4 a2 56. Bc3 Rxc3 57. Rxa2 Rh3 58. Ra7 Rxh7 59. Nf5 Ke6 60. Nxe7 Rxe7 0-1

[Event "*** SCC Grand Prix: Titled Tuesday Blitz"]
[Site "Chess.com"]
[Date "2020.07.14"]
[Round "1"]
[White "AungTZ"]
[Black "Artyom_ChessMate"]
[Result "0-1"]
[WhiteElo "2133"]
[BlackElo "2507"]
[TimeControl "180+1"]
[EndTime "10:08:34 PDT"]
[Termination "Artyom_ChessMate won on time"]

1. e4 c5 2. Nf3 d6 3. Bb5+ Bd7 4.
Bxd7+ Qxd7 5. O-O Nc6 6. c3 Nf6 7.
Re1 e6 8. d4 cxd4 9. cxd4 d5 10. e5 Ne4 11. Nbd2 Nxd2 12. Bxd2 Be7 13. Rc1 O-O 14. Qc2 Rfc8 15. Qd3 Rc7 16. h4 Rac8 17.
a3 h6 18. g4 Qd8 19. g5 hxg5 20. hxg5 g6 21. Kg2 Kg7 22. Rh1 Qd7 23. Ne1 Rg8 24. Rh6 Rcc8 25. Nf3 Rh8 26. Rch1 Rxh6 27. gxh6+ Kh7 28.
Bg5 Qd8 29. Qe3 Na5 30. Qf4 Qe8 31. Bxe7 Qxe7 32. Ng5+ Kg8 33. h7+ Kg7 34. Qxf7+ Qxf7 35. Nxf7 Kxf7 36. h8=Q Rxh8 37. Rxh8 g5 38. Rh7+ Kg6 39.
Rc7 Kf5 40. b4 Nc6 41. Rxb7 Nxd4 42. Rxa7 Kxe5 43. a4 Nc6 44. Rb7 d4 45. a5 d3 46.
Kf1 Nd4 47. Rd7 Ke4 48. Rxd4+ Kxd4 49. Ke1 Kc3 50. a6 Kc2 51. a7 d2+ 0-1

[Event "*** SCC Grand Prix: Titled Tuesday Blitz"]
[Site "Chess.com"]
[Date "2020.07.14"]
[Round "1"]
[White "TurboSteen"]
[Black "StockholmMissile"]
[Result "0-1"]
[WhiteElo "1938"]
[BlackElo "2460"]
[TimeControl "180+1"]
[EndTime "10:08:34 PDT"]
[Termination "StockholmMissile won on time"]

1. e4 e5 2. Nf3 Nc6 3. Bb5 a6 4. Ba4 Nf6 5. O-O Be7 6. Re1 b5 7. Bb3 d6 8. c3 O-O 9. d4 Bg4 10.
d5 Nb8 11. h3 Bh5 12. Nbd2 Nbd7 13. Nf1 Bg6 14. Ng3 Nh5 15. Nxe5 Nxg3 16. Nc6 Qe8 17. fxg3 Bf6 18. Bc2 Ne5 19. Nxe5 Bxe5 20. Bf4 Qe7 21. Qg4 Rfe8 22. h4 h5 23. Qf3 Bxf4 24.
gxf4 Qxh4 25. f5 Bh7 26. Rf1 f6 27. Rae1 Re7 28. Re3 Qg5 29. Qf2 Bxf5 30. Rg3 Bg4 31. Re1 Rae8 32. a4 Rb8 33. axb5 axb5 34. Ree3 b4 35.
c4 h4 36. Rxg4 Qxg4 37. Rh3 b3 38. Bd3 Qd1+ 39. Kh2 Re5 40. Qxh4 Rbe8 41. Qh7+ Kf7 42. Rg3 Rg8 43. Qg6+ Kf8 44. Rh3 Rg5 45. Qh7 Qd2 46. Rg3 Rxg3 47. Kxg3 Qxd3+ 48. Kh2 Qd2 49. Qf5 Qg5 50.
Qc8+ Kf7 51. Qe6+ Kg6 52. Qxg8 Qf4+ 53. Kh1 Qc1+ 54. Kh2 Qf4+ 55. Kh1 Qxe4 56. Qc8 Qb1+ 57. Kh2 Qxb2 58. Qxc7 Qe5+ 59. Kh1 b2 0-1

[Event "*** SCC Grand Prix: Titled Tuesday Blitz"]
[Site "Chess.com"]
[Date "2020.07.14"]
[Round "1"]
[White "dcremisi"]
[Black "CarlosAlbornoz"]
[Result "1/2-1/2"]
[WhiteElo "2423"]
[BlackElo "2806"]
[TimeControl "180+1"]
[EndTime "10:08:37 PDT"]
[Termination "Game drawn - insufficient material"]

1. d4 Nf6 2. Nf3 g6 3. c4 Bg7 4. Nc3 d6 5. e4 O-O 6. Be2 Bg4 7. O-O Nfd7 8. Be3 Nc6 9. Qd2 Bxf3 10. Bxf3 e5 11.
dxe5 dxe5 12. Ne2 Qe7 13. Rad1 Nc5 14. Qc2 Ne6 15. Bg4 Ned4 16. Bxd4 exd4 17. f4 Rad8 18.
Nc1 d3 19. Nxd3 Qxe4 20. Bf3 Qe3+ 21. Kh1 Nd4 22. Qd2 Qxd2 23. Rxd2 Nxf3 24. Rxf3 Rfe8 25.
Kg1 Re4 26. b3 Bc3 27. Rc2 Bd4+ 28. Kf1 Be3 29. Nf2 Ree8 30. Re2 Bd4 31. Rxe8+ Rxe8 32. Nd3 c5 33. f5 g5 34. g4 Kg7 35. h3 Re4 36.
Ne1 h5 37. gxh5 Rh4 38. Nc2 Be5 39. Ne3 Rxh5 40. Ng4 Bd4 41. a3 Rh8 42. b4 Re8 43. bxc5 Bxc5 44. Rd3 Re4 45. Rd7 Rf4+ 46. Ke2 Rxf5 47. Rxb7 Rf4 48. Kd3 Rf3+ 49. Ke4 Rxh3 50. Ne5 Rh4+ 51. Kd5 Bxa3 52. Rxf7+ Kh6 53. Rxa7 Bb2 54.
Nf7+ Kh5 55. c5 Rd4+ 56. Ke6 Re4+ 57. Kd5 Rf4 58. Nd6 g4 59. c6 Rd4+ 60. Ke6 g3 61.
c7 g2 62. c8=Q Rg4 63. Qe8+ Kh4 64. Rh7+ Kg3 65. Nf5+ Kf2 66. Rh2 Re4+ 67. Kf7 Rxe8 68. Kxe8 Be5 69. Nh4 Bxh2 70. Nxg2 1/2-1/2

[Event "*** SCC Grand Prix: Titled Tuesday Blitz"]
[Site "Chess.com"]
[Date "2020.07.14"]
[Round "1"]
[White "bocah_sakit"]
[Black "omer1997"]
[Result "1-0"]
[WhiteElo "2698"]
[BlackElo "2362"]
[TimeControl "180+1"]
[EndTime "10:08:38 PDT"]
[Termination "bocah_sakit won by resignation"]

1. e4 e5 2. Nf3 Nf6 3. Nxe5 d6 4. Nf3 Nxe4 5. Nc3 Nxc3 6. dxc3 Nc6 7. Be3 Be7 8. Qd2 Be6 9. O-O-O Qd7 10. Be2 h6 11.
Rhe1 a6 12. a3 Bf6 13. Nd4 Nxd4 14. Bxd4 Bxd4 15. cxd4 d5 16. Bg4 O-O 17. Bxe6 fxe6 18. Re5 Rf5 19. Rde1 Rxe5 20. Rxe5 Rf8 21. f4 Rf5 22.
Re2 Qf7 23. g3 g5 24. Rf2 gxf4 25. gxf4 Kh7 26. Kb1 Rf6 27. Ka2 Qh5 28. Qb4 b6 29.
Qc3 Qf7 30. Qd3+ Rf5 31. h4 a5 32. a4 Kh8 33. Qe3 Qf6 34. Rf1 Kh7 35. Qc3 Qg7 36.
Qe3 Qf6 37. b3 Qxh4 38. Qxe6 Qf6 39. Qe3 Qf7 40. Qg3 Qg6 41. Qc3 Rf7 42. f5 Qf6 43. Qe3 Re7 44. Qf4 Rg7 45. Re1 h5 46.
Re6 Qg5 47. Qf3 h4 48. f6 Rf7 49. Qd3+ Kh6 50. Qf3 Qg3 51. Qf5 Qg5 52. Qf1 Qg4 53. Re5 h3 54. Qc1+ Kg6 55. Re8 Kxf6 56. Qh6+ Qg6 57.
Re6+ Kxe6 58. Qxg6+ Rf6 59. Qg4+ Rf5 60. Qxh3 Kf6 61.
Qh6+ Ke7 62. Qc6 Kd8 63. Qe6 Rh5 64. Qg8+ Kd7 65. Qf7+ Kc6 66. Qxh5 1-0

[Event "*** SCC Grand Prix: Titled Tuesday Blitz"]
[Site "Chess.com"]
[Date "2020.07.14"]
[Round "1"]
[White "TimofeevAr"]
[Black "crossingthestreet"]
[Result "1-0"]
[WhiteElo "2794"]
[BlackElo "2402"]
[TimeControl "180+1"]
[EndTime "10:08:40 PDT"]
[Termination "TimofeevAr won by checkmate"]

1. c4 e5 2. e3 Nc6 3. Nc3 a6 4. g3 Bc5 5. Bg2 d6 6. Nge2 Ba7 7.
O-O h5 8. h3 h4 9. g4 f5 10.
gxf5 Bxf5 11. f4 Qd7 12. Kh2 Nh6 13. d4 exd4 14. Nxd4 Nxd4 15. exd4 O-O-O 16. Be3 Rde8 17. Bg1 Rhg8 18. Qf3 c6 19. Rae1 g5 20. Rxe8+ Qxe8 21. fxg5 Rxg5 22. Bf2 Rg6 23. Re1 Qd7 24. Bxh4 Bxd4 25.
Re7 Qd8 26. Qe2 Be5+ 27. Kh1 Qf8 28. c5 Bd7 29. Na4 Qf4 30. Nb6+ Kb8 31. Nxd7+ Ka7 32.
Nxe5 dxe5 33. Bf2 Nf5 34. Rxe5 Nh4 35. Bxh4 Qxh4 36. Re4 Qf6 37. Rg4 Rh6 38. b4 Qa1+ 39. Kh2 Rf6 40. Re4 Qc3 41. Qe3 Qc2 42. Re7 Rf2 43. Qg3 Qd2 44. Rg7 Qc2 45. Qc7 Rxg2+ 46. Rxg2 Qe4 47. Qg3 Qe6 48. h4 Qd5 49. Qg4 Qf7 50. Kh3 Qd5 51. h5 Qd3+ 52. Rg3 Qd8 53.
Qg5 Qh8 54. Kh4 Qh7 55. Rg4 Qb1 56. h6 Qh1+ 57. Kg3 Qg1+ 58. Kf4 Qf2+ 59. Ke5 Qb2+ 60.
Ke6 Qe2+ 61. Kf7 Qf3+ 62. Kg8 Qc3 63. h7 Qd3 64. h8=Q Qd7 65. Qhg7 Qe8+ 66. Qf8 Qe6+ 67. Qf7 Qc8+ 68. Kg7 Qe8 69. Qxe8 a5 70. bxa5 Ka6 71. Qgd8 b6 72. Qxb6# 1-0

[Event "*** SCC Grand Prix: Titled Tuesday Blitz"]
[Site "Chess.com"]
[Date "2020.07.14"]
[Round "1"]
[White "GiantThresher"]
[Black "ViktoriyaTarasova"]
[Result "1-0"]
[WhiteElo "2615"]
[BlackElo "2221"]
[TimeControl "180+1"]
[EndTime "10:08:41 PDT"]
[Termination "GiantThresher won by resignation"]

1. e4 c5 2. Nc3 d6 3. d4 cxd4 4.
Qxd4 Nf6 5. b3 Nc6 6. Qd2 e6 7. Bb2 Be7 8. O-O-O O-O 9. f4 a6 10. Nf3 Qc7 11. Bd3 b5 12. g4 Bb7 13. g5 Nd7 14. f5 b4 15. Na4 Nce5 16. Nxe5 dxe5 17.
fxe6 fxe6 18. Bc4 Nc5 19. Nxc5 Qxc5 20. Bxe6+ Kh8 21. Bf5 g6 22. Be6 Rf2 23. Qxf2 Bxg5+ 24. Rd2 Qxf2 25. Bxe5+ Qf6 26. Bxf6+ Bxf6 27. Bd5 Rb8 28. Bxb7 Rxb7 29. Rd6 Bg5+ 30. Kd1 a5 31. Rd5 Be3 32. Rxa5 Rf7 33. Ke2 Bd4 34. Rf1 Rc7 35. Rd5 Bb2 36. Kd3 Rc3+ 37. Kd2 Rh3 38. Rf7 Rxh2+ 39. Kd3 Rh3+ 40.
Kc4 Kg8 41. Ra7 Rc3+ 42. Kxb4 Rc8 43. e5 h5 44. e6 h4 45. e7 Re8 46. Ra6 Kf7 47.
Rdd6 g5 48. Rh6 Rxe7 49. Rh7+ Bg7 50. a4 g4 51. Rxh4 Re4+ 52. Kb5 Bf6 53. Rh7+ Kg6 54. Rh1 g3 55. Rg1 Rg4 56. Rg2 Kf5 57. Rc6 Bd4 58. Rc4 Bf2 59. Rxg4 Kxg4 60. a5 Kf3 61. Rxg3+ Kxg3 62. c4 Ba7 63. c5 Kf4 64. b4 Ke5 65. Ka6 Bb8 66. Kb7 Kd5 67. Kxb8 Kc6 68. a6 Kb5 69. a7 Kxb4 70. a8=Q Kxc5 71. Qb7 1-0

[Event "*** SCC Grand Prix: Titled Tuesday Blitz"]
[Site "Chess.com"]
[Date "2020.07.14"]
[Round "1"]
[White "malandragem"]
[Black "ChessLover0108"]
[Result "0-1"]
[WhiteElo "2352"]
[BlackElo "2681"]
[TimeControl "180+1"]
[EndTime "10:08:44 PDT"]
[Termination "ChessLover0108 won by resignation"]

1. e4 d5 2. exd5 Qxd5 3. Nc3 Qd8 4. d4 c6 5. Nf3 Bg4 6. Be2 e6 7. h3 Bxf3 8. Bxf3 Nf6 9. O-O Be7 10. Re1 Nbd7 11.
Qe2 O-O 12. Bf4 Re8 13. Rad1 h6 14. a3 Nb6 15. Ne4 Nxe4 16. Bxe4 Nd5 17. Bc1 Bg5 18.
Bxg5 Qxg5 19. g3 Rad8 20. Kh2 Nf6 21. Bd3 Rd7 22. Qf3 Red8 23. Re5 Rxd4 24. Rxg5 hxg5 25. Qe3 c5 26. Re1 c4 27. Bf1 g4 28. c3 Rd2 29.
Re2 Rd1 30. Bg2 gxh3 31. Bxh3 b6 32. Qf4 b5 33. a4 a6 34. axb5 axb5 35. Qc7 R8d2 36.
Rxd2 Rxd2 37. Qb8+ Kh7 38. Qxb5 Rxf2+ 39. Kg1 Rd2 40.
Qxc4 Rxb2 41. Qh4+ Kg8 42. c4 Rc2 43. Qd4 Rc1+ 44. Bf1 Kh7 45. Kf2 Rc2+ 46. Be2 Rc1 47. Ke3 Kg8 48. Kd2 Rh1 49. g4 Rh2 50. g5 Nh5 51. c5 Ng3 52. Qe3 Nf1+ 53. Kd3 Nxe3 54. Kxe3 Rh1 55. Kd4 Rc1 56. Bc4 Kf8 57. c6 Ke7 58. Bb5 Kd6 59. g6 e5+ 60. Ke4 fxg6 61. c7 Rxc7 62. Be8 Rc4+ 63. Kf3 Rf4+ 64. Kg3 g5 0-1

[Event "*** SCC Grand Prix: Titled Tuesday Blitz"]
[Site "Chess.com"]
[Date "2020.07.14"]
[Round "1"]
[White "stolencandy13"]
[Black "Msb2"]
[Result "1/2-1/2"]
[WhiteElo "2440"]
[BlackElo "2881"]
[TimeControl "180+1"]
[EndTime "10:08:45 PDT"]
[Termination "Game drawn - insufficient material"]

1. e4 e6 2. d4 d5 3. Nd2 c5 4. exd5 Qxd5 5. dxc5 Nf6 6. Ngf3 Qxc5 7. Bd3 Nbd7 8. O-O Qc7 9. Qe2 Nc5 10. Bc4 Bd6 11. b3 a6 12. a4 O-O 13. Bb2 Re8 14. Rad1 e5 15. Ng5 Ne6 16. Nde4 Nxe4 17. Nxe4 Bf8 18. Qg4 Kh8 19. Qh5 Nf4 20. Qxf7 Qxf7 21. Bxf7 Re7 22.
Bc4 Bf5 23. Rfe1 Bg6 24. g3 Ne6 25. Bxe5 Bxe4 26. Rxe4 Ng5 27. Rde1 Rae8 28. f4 Nxe4 29. Rxe4 h6 30. Rd4 Rxe5 31. fxe5 Bc5 32. c3 Rxe5 33. Kg2 Bxd4 34. cxd4 Re1 35. a5 g5 36. Bd5 Re7 37. h4 Kg7 38. Kf3 Kg6 39. Be4+ Kf6 40. hxg5+ hxg5 41. Ke3 Ke6 42. Kd3 Kd6 43. g4 Kc7 44. Kc4 Re6 45.
Bf5 Rh6 46. d5 Kd6 47. Be6 Rh1 48. b4 Rd1 49. Kc3 Rg1 50. Kc4 Rg2 51. Kd4 Rc2 52.
Kd3 Rc1 53. Kd4 Rd1+ 54. Kc4 Rd2 55. Bf7 Re2 56. Be6 Re4+ 57. Kc3 Rf4 58. Kb3 Ke5 59. Kc3 Rd4 60. Kb3 Rxd5 61. Bxd5 Kxd5 62. Kc3 Ke4 63.
Kc4 Kf4 64. Kc5 Kxg4 65. Kb6 Kf5 66. Kxb7 g4 67. b5 axb5 68. a6 g3 69. a7 g2 70.
a8=Q g1=Q 71. Qf8+ Ke6 72. Qe8+ Kd6 73. Qc6+ Ke7 74.
Qxb5 Qg2+ 75. Qc6 Qb2+ 76. Qb6 Qe5 77. Qc7+ Ke6 78. Qxe5+ Kxe5 1/2-1/2